APL (24 & UNDER)
NANTUCKET ORCAS @ PENSACOLA PILOTS
09/25/2025
 
TOP OF THE 1ST
Nantucket Orcas batting - Pitching for Pensacola Pilots : RHP Roberto Gómez
Pitching: LHP Júlio Guzmán
Batting: RHB Ramón Díaz 0-0: Fly out, F8 (Flyball, 8RS)
Batting: LHB Noah Gillespie 0-0: TRIPLE (Line Drive, 89M)
Batting: RHB Anastasio Villa 0-0: Fly out, F8 (Flyball, 8LM)
Runner from 3rd tags up, SCORES, no throw
Batting: RHB Scotty Hicks 0-0: Ball
1-0: Fly out, F7 (Flyball, 7LM)
Top of the 1st over - 1 run(s), 1 hit(s), 0 error(s), 0 left on base; Nantucket 1 - Pensacola 0
BOTTOM OF THE 1ST
Pensacola Pilots batting - Pitching for Nantucket Orcas : RHP Pedro Santiago
Pitching: RHP Pedro Santiago
Batting: RHB Peter Bishop 0-0: Called Strike
0-1: Ball
1-1: Ball
2-1: Swinging Strike
2-2: Strikes out swinging
Batting: LHB Ricardo García 0-0: Ball
1-0: Foul Ball, location: 2F
1-1: Ball
2-1: Called Strike
2-2: Ground out U3 (Groundball, 3L)
Batting: RHB Aaron Grizzle 0-0: Called Strike
0-1: Ball
1-1: Ball
2-1: Ball
3-1: Fly out, F8 (Flyball, 8LD)
Bottom of the 1st over - 0 run(s), 0 hit(s), 0 error(s), 0 left on base; Nantucket 1 - Pensacola 0
TOP OF THE 2ND
Nantucket Orcas batting - Pitching for Pensacola Pilots : LHP Júlio Guzmán
Batting: RHB Roberto Canó 0-0: Ball
1-0: Ball
2-0: Ball
3-0: Base on Balls
Batting: SHB José Castillo 0-0: Called Strike
0-1: Fly out, F6 (Popup, 7LS)
Batting: RHB Ramiro Javier 0-0: Fly out, F8 (Flyball, 8LM)
Batting: RHB Domingo Hernández 0-0: Ball
1-0: Ball
2-0: Ball
3-0: Called Strike
3-1: Called Strike
3-2: Fly out, F7 (Flyball, 78M)
Top of the 2nd over - 0 run(s), 0 hit(s), 0 error(s), 1 left on base; Nantucket 1 - Pensacola 0
BOTTOM OF THE 2ND
Pensacola Pilots batting - Pitching for Nantucket Orcas : RHP Pedro Santiago
Batting: SHB Terry Dailey 0-0: Ball
1-0: Ball
2-0: Foul Ball, location: 2F
2-1: SINGLE (Line Drive, 4MD)
Batting: RHB José Velázquez 0-0: Ball
1-0: Ball
2-0: Foul Ball, location: 2F
2-1: Called Strike
Throwing error on steal attempt, E2
Terry Dailey to third
2-2: Strikes out looking
Batting: LHB Pedro Ramos 0-0: Swinging Strike
0-1: Ball
1-1: Ball
2-1: DOUBLE (Flyball, 89XD)
Terry Dailey scores
Batting: RHB Julian Lee 0-0: Called Strike
0-1: Ball
1-1: Ground out 1-3 (Groundball, 13)
Pedro Ramos to third
Batting: RHB Gustavo Rodríguez 0-0: Ground out 5-3 (Groundball, 56)
Bottom of the 2nd over - 1 run(s), 2 hit(s), 1 error(s), 1 left on base; Nantucket 1 - Pensacola 1
TOP OF THE 3RD
Nantucket Orcas batting - Pitching for Pensacola Pilots : LHP Júlio Guzmán
Batting: RHB Anastasio Zartuche 0-0: Called Strike
0-1: SINGLE (Line Drive, 4MD)
Batting: RHB Ramón Díaz Pickoff Throw to First - Error! E1
Anastasio Zartuche to second
0-0: Called Strike
0-1: Foul Ball, location: 2F
0-2: Ball
1-2: Foul Ball, location: 2F
1-2: Hit by Pitch
Batting: LHB Noah Gillespie 0-0: Foul Ball, location: 2F
0-1: SINGLE (Line Drive, 34D)
Anastasio Zartuche to third
Ramón Díaz to second
Batting: RHB Anastasio Villa 0-0: Ball
1-0: Ball
2-0: Ball
Passed Ball!
Anastasio Zartuche scores
Ramón Díaz to third
Noah Gillespie to second
3-0: Base on Balls
Batting: RHB Scotty Hicks 0-0: Ball
1-0: Reached on error, E5 (Groundball, 5L)
Ramón Díaz scores
Noah Gillespie to third
Anastasio Villa to second
Batting: RHB Roberto Canó 0-0: Foul Ball, location: 2F
0-1: Called Strike
0-2: Grounds into double play, 6-4-3 (Groundball, 6)
Noah Gillespie scores
Anastasio Villa to third
Batting: SHB José Castillo 0-0: Ball
1-0: SINGLE (Flyball, 8RS)
Anastasio Villa scores
Batting: RHB Ramiro Javier 0-0: Called Strike
José Castillo steals 2nd base
0-1: Ground out 1-3 (Groundball, 23)
Top of the 3rd over - 4 run(s), 3 hit(s), 2 error(s), 1 left on base; Nantucket 5 - Pensacola 1
BOTTOM OF THE 3RD
Pensacola Pilots batting - Pitching for Nantucket Orcas : RHP Pedro Santiago
Batting: RHB Markus Cummins 0-0: Ball
1-0: Ball
2-0: Fly out, F4 (Popup, 4M)
Batting: RHB Peter Bishop 0-0: Fly out, F8 (Flyball, 8LM)
Batting: LHB Ricardo García 0-0: Swinging Strike
0-1: Foul Ball, location: 2F
0-2: Strikes out swinging
Bottom of the 3rd over - 0 run(s), 0 hit(s), 0 error(s), 0 left on base; Nantucket 5 - Pensacola 1
TOP OF THE 4TH
Nantucket Orcas batting - Pitching for Pensacola Pilots : LHP Júlio Guzmán
Batting: RHB Domingo Hernández 0-0: Ball
1-0: Ball
2-0: Ball
3-0: Called Strike
3-1: Base on Balls
Batting: RHB Anastasio Zartuche 0-0: Called Strike
0-1: Ball
1-1: Ball
2-1: Foul Ball, location: 2F
2-2: Foul Ball, location: 2F
2-2: Strikes out looking
Batting: RHB Ramón Díaz 0-0: Ball
Passed Ball!
Domingo Hernández to second
1-0: Ball
2-0: Foul Ball, location: 2F
2-1: Ball
3-1: Called Strike
3-2: Base on Balls
Batting: LHB Noah Gillespie 0-0: Foul Ball, location: 2F
0-1: Foul Ball, location: 2F
0-2: SINGLE (Line Drive, 34D)
Domingo Hernández to third
Ramón Díaz to second
Runner from 3rd tries for Home, SAFE, throw made home
Ramón Díaz to third
Noah Gillespie to second
Batting: RHB Anastasio Villa 0-0: Foul Ball, location: 2F
0-1: Ball
1-1: Fly out, F7 (Flyball, 78D)
Runner from 3rd tags up, SCORES, no throw
Batting: RHB Scotty Hicks 0-0: Ball
1-0: SINGLE (Line Drive, 7LS)
Noah Gillespie to third
Batting: RHB Roberto Canó 0-0: Fielders Choice at 2nd, 6-4 (Groundball, 6)
Top of the 4th over - 2 run(s), 2 hit(s), 0 error(s), 1 left on base; Nantucket 7 - Pensacola 1
BOTTOM OF THE 4TH
Pensacola Pilots batting - Pitching for Nantucket Orcas : RHP Pedro Santiago
Batting: RHB Aaron Grizzle 0-0: Ball
1-0: Ball
2-0: Swinging Strike
2-1: Foul Ball, location: 2F
2-2: SINGLE (Groundball, 6MD) (infield hit)
Batting: SHB Terry Dailey 0-0: Called Strike
0-1: Called Strike
0-2: Ball
1-2: Ball
2-2: Ball
3-2: Base on Balls
Aaron Grizzle to second
Batting: RHB José Velázquez 0-0: Ball
1-0: Grounds into double play, 4-6-3 (Groundball, 4M)
Aaron Grizzle to third
Batting: LHB Pedro Ramos 0-0: Ball
1-0: Ball
2-0: SINGLE (Groundball, 34D)
Aaron Grizzle scores
Batting: RHB Julian Lee 0-0: Ball
Pedro Ramos steals 2nd base
1-0: Swinging Strike
1-1: Foul Ball, location: 2F
1-2: Fly out, F7 (Flyball, 78M)
Bottom of the 4th over - 1 run(s), 2 hit(s), 0 error(s), 1 left on base; Nantucket 7 - Pensacola 2
TOP OF THE 5TH
Nantucket Orcas batting - Pitching for Pensacola Pilots : LHP Júlio Guzmán
Batting: SHB José Castillo 0-0: Called Strike
0-1: Called Strike
0-2: SINGLE (Line Drive, 8RS)
Batting: RHB Ramiro Javier 0-0: Ball
1-0: SINGLE (Groundball, 5)
José Castillo to second
Batting: RHB Domingo Hernández 0-0: Foul Ball, location: 2F
0-1: Ball
1-1: Ball
2-1: Ball
Wild Pitch!
José Castillo to third
Ramiro Javier to second
3-1: Foul Ball, location: 2F
3-2: Foul Ball, location: 2F
3-2: Base on Balls
Batting: RHB Anastasio Zartuche 0-0: SINGLE (Line Drive, 56D)
José Castillo scores
Ramiro Javier to third
Domingo Hernández to second
Batting: RHB Ramón Díaz 0-0: Ball
1-0: Ball
2-0: Ball
3-0: Called Strike
3-1: Base on Balls
Ramiro Javier scores
Domingo Hernández to third
Anastasio Zartuche to second
Batting: LHB Noah Gillespie 0-0: Called Strike
0-1: DOUBLE (Line Drive, 7LS)
Domingo Hernández scores
Anastasio Zartuche scores
Ramón Díaz to third
Batting: RHB Anastasio Villa 0-0: Called Strike
0-1: Ball
1-1: Ball
2-1: Ball
3-1: Fly out, F8 (Flyball, 8RM)
Runner from 3rd tags up, SCORES, throw made
Batting: RHB Scotty Hicks 0-0: Called Strike
0-1: Ball
1-1: Ball
2-1: Ball
Wild Pitch!
Noah Gillespie to third
3-1: Base on Balls
Batting: RHB Roberto Canó Single, Error in OF, E7, batter to second base
Noah Gillespie scores
Scotty Hicks to third
Batting: SHB José Castillo 0-0: Ground out 6-3 (Groundball, 6)
Scotty Hicks scores
Roberto Canó to third
Batting: RHB Ramiro Javier 0-0: Foul Ball, location: 2F
0-1: SINGLE (Line Drive, 9LS)
Roberto Canó scores
Batting: RHB Domingo Hernández 0-0: Called Strike
0-1: Ball
Throwing error on steal attempt, E2
Ramiro Javier to third
1-1: Foul Ball, location: 2F
1-2: Foul Ball, location: 2F
1-2: Ground out 1-3 (Groundball, 15)
Top of the 5th over - 8 run(s), 6 hit(s), 2 error(s), 1 left on base; Nantucket 15 - Pensacola 2
BOTTOM OF THE 5TH
Pensacola Pilots batting - Pitching for Nantucket Orcas : RHP Pedro Santiago
Batting: RHB Gustavo Rodríguez 0-0: Ball
1-0: Ball
2-0: Swinging Strike
2-1: Foul Ball, location: 2F
2-2: Foul Ball, location: 2F
2-2: Foul Ball, location: 2F
2-2: Ball
3-2: Fly out, F9 (Flyball, 9M)
Batting: RHB Markus Cummins 0-0: Called Strike
0-1: Called Strike
0-2: Strikes out looking
Batting: RHB Peter Bishop 0-0: Called Strike
0-1: Ball
1-1: Called Strike
1-2: Foul Ball, location: 2F
1-2: Ball
2-2: Strikes out swinging
Bottom of the 5th over - 0 run(s), 0 hit(s), 0 error(s), 0 left on base; Nantucket 15 - Pensacola 2
TOP OF THE 6TH
Nantucket Orcas batting - Pitching for Pensacola Pilots : LHP Júlio Guzmán
Pitching: LHP Jorge Silva
Batting: RHB Anastasio Zartuche 0-0: Ball
1-0: Ball
2-0: Called Strike
2-1: Called Strike
2-2: Ball
3-2: Fly out, F8 (Flyball, 8RM)
Batting: RHB Ramón Díaz 0-0: Fly out, F7 (Line Drive, 78XD)
Batting: LHB Noah Gillespie 0-0: Called Strike
0-1: Ground out 6-3 (Groundball, 6M)
Top of the 6th over - 0 run(s), 0 hit(s), 0 error(s), 0 left on base; Nantucket 15 - Pensacola 2
BOTTOM OF THE 6TH
Pensacola Pilots batting - Pitching for Nantucket Orcas : RHP Pedro Santiago
Batting: LHB Ricardo García 0-0: Ball
1-0: Called Strike
1-1: Foul Ball, location: 2F
1-2: Ball
2-2: Strikes out swinging
Batting: RHB Aaron Grizzle 0-0: Ball
1-0: Called Strike
1-1: Ball
2-1: Ground out 6-3 (Groundball, 6)
Batting: SHB Terry Dailey 0-0: Swinging Strike
0-1: Called Strike
0-2: Strikes out swinging
Bottom of the 6th over - 0 run(s), 0 hit(s), 0 error(s), 0 left on base; Nantucket 15 - Pensacola 2
TOP OF THE 7TH
Nantucket Orcas batting - Pitching for Pensacola Pilots : LHP Jorge Silva
Batting: RHB Anastasio Villa 0-0: Reached on error, E2 (Groundball, 2L)
Batting: RHB Scotty Hicks 0-0: Called Strike
0-1: Ball
1-1: Called Strike
1-2: Foul Ball, location: 2F
1-2: Ball
2-2: Fly out, F6 (Popup, 4MD)
Batting: RHB Roberto Canó 0-0: Ball
1-0: SINGLE (Line Drive, 34)
Anastasio Villa to second
Runner from 2nd tries for 3rd, SAFE, throw made to third
Batting: SHB José Castillo 0-0: Foul Ball, location: 2F
0-1: Foul Ball, location: 2F
0-2: Ball
1-2: DOUBLE (Groundball, 3L)
Anastasio Villa scores
Roberto Canó to third
Runner from 3rd tries for Home, SAFE, no throw or cutoff
Batting: RHB Ramiro Javier 0-0: Ball
José Castillo steals 3rd base
1-0: Called Strike
1-1: Called Strike
1-2: Fly out, F2 (Popup, 2RF)
Batting: RHB Domingo Hernández 0-0: Swinging Strike
0-1: Ball
1-1: Swinging Strike
1-2: Foul Ball, location: 2F
1-2: Fly out, F7 (Flyball, 7M)
Top of the 7th over - 2 run(s), 2 hit(s), 1 error(s), 1 left on base; Nantucket 17 - Pensacola 2
BOTTOM OF THE 7TH
Pensacola Pilots batting - Pitching for Nantucket Orcas : RHP Pedro Santiago
Pitching: RHP Sean Flynn
Batting: RHB José Velázquez 0-0: Called Strike
0-1: Ball
1-1: Swinging Strike
1-2: Strikes out swinging
Batting: LHB Pedro Ramos 0-0: Ball
1-0: Ball
2-0: Swinging Strike
2-1: Swinging Strike
2-2: Foul Ball, location: 2F
2-2: Foul Ball, location: 2F
2-2: Strikes out looking
Batting: RHB Julian Lee 0-0: Swinging Strike
0-1: Ball
1-1: Ball
2-1: Ball
3-1: Base on Balls
Batting: RHB Gustavo Rodríguez 0-0: 2-RUN HOME RUN (Flyball, 7D), Distance : 402 ft
Batting: RHB Markus Cummins 0-0: Ball
1-0: Ball
2-0: Ball
3-0: Base on Balls
Batting: RHB Peter Bishop 0-0: Ball
1-0: Ball
2-0: Ball
3-0: Called Strike
3-1: SINGLE (Line Drive, 8LS)
Markus Cummins to second
Batting: LHB Ricardo García 0-0: Ball
1-0: Foul Ball, location: 2F
1-1: Foul Ball, location: 2F
1-2: Ball
2-2: Strikes out swinging
Bottom of the 7th over - 2 run(s), 2 hit(s), 0 error(s), 2 left on base; Nantucket 17 - Pensacola 4
TOP OF THE 8TH
Nantucket Orcas batting - Pitching for Pensacola Pilots : LHP Jorge Silva
Batting: RHB Anastasio Zartuche 0-0: Ball
1-0: Ball
2-0: Called Strike
2-1: DOUBLE (Groundball, 3D)
Batting: RHB Ramón Díaz 0-0: Ball
1-0: Foul Ball, location: 2F
1-1: Ball
2-1: Ball
3-1: Swinging Strike
3-2: Ground out 5-3 (Groundball, 5S)
Anastasio Zartuche to third
Batting: LHB Noah Gillespie 0-0: Ball
1-0: Fly out, F7 (Popup, 7S)
Batting: RHB Anastasio Villa 0-0: Ball
1-0: Ball
2-0: Ball
3-0: Base on Balls
Batting: RHB Scotty Hicks 0-0: Ball
1-0: Called Strike
1-1: Fly out, F8 (Flyball, 8RM)
Top of the 8th over - 0 run(s), 1 hit(s), 0 error(s), 2 left on base; Nantucket 17 - Pensacola 4
BOTTOM OF THE 8TH
Pensacola Pilots batting - Pitching for Nantucket Orcas : RHP Sean Flynn
Pitching: RHP Kade Coleman
Batting: RHB Aaron Grizzle 0-0: Foul Ball, location: 2F
0-1: Ball
1-1: Ball
2-1: Swinging Strike
2-2: Foul Ball, location: 2F
2-2: Ball
3-2: Foul Ball, location: 2F
3-2: Strikes out looking
Batting: SHB Terry Dailey 0-0: Ball
1-0: Ball
2-0: Fly out, F8 (Flyball, 78XD)
Batting: RHB José Velázquez 0-0: Ground out 5-3 (Groundball, 15S)
Bottom of the 8th over - 0 run(s), 0 hit(s), 0 error(s), 0 left on base; Nantucket 17 - Pensacola 4
TOP OF THE 9TH
Nantucket Orcas batting - Pitching for Pensacola Pilots : LHP Jorge Silva
Batting: RHB Roberto Canó 0-0: Called Strike
0-1: Ball
1-1: Ball
2-1: Ball
3-1: Base on Balls
Batting: SHB José Castillo 0-0: Sac Bunt - play at first, batter OUT! 2-3
Roberto Canó to second
Pinch Hitting: SHB Eric Pimentel 0-0: Fly out, F9 (Flyball, 9S)
Batting: RHB Domingo Hernández 0-0: Swinging Strike
0-1: Ball
1-1: Ground out 5-3 (Groundball, 56S)
Top of the 9th over - 0 run(s), 0 hit(s), 0 error(s), 1 left on base; Nantucket 17 - Pensacola 4
BOTTOM OF THE 9TH
Pensacola Pilots batting - Pitching for Nantucket Orcas : RHP Kade Coleman
Now at SS: César Osequedo
Batting: LHB Pedro Ramos 0-0: Ball
1-0: Swinging Strike
1-1: Fly out, F4 (Popup, 4D)
Batting: RHB Julian Lee 0-0: Ball
1-0: Foul Ball, location: 2F
1-1: Fly out, F9 (Popup, 4D)
Batting: RHB Gustavo Rodríguez 0-0: Called Strike
0-1: Ball
1-1: Ball
2-1: Reached on error, E6 (Groundball, 6M)
Batting: RHB Markus Cummins 0-0: Foul Ball, location: 2F
0-1: Ball
Wild Pitch!
Gustavo Rodríguez to third
1-1: Ball
2-1: Foul Ball, location: 2F
2-2: Strikes out swinging
Bottom of the 9th over - 0 run(s), 0 hit(s), 1 error(s), 1 left on base; Nantucket 17 - Pensacola 4
This league is powered by Out of the Park Baseball, the baseball management simulation game for PC, Mac and Linux
Tuesday, August 2nd, 2016 - OOTP Baseball 16.8 Build 38